Map: [ESL] Goldenaura

Players

sOs - Winner!

  • Race: Protoss Protoss
  • League: Master
  • Spawn Location: 5:00

Firefly

  • Race: Protoss Protoss
  • Spawn Location: 12:00

Event: IEM Katowice 2024

VOD

Have the link to the VOD?

Description

Time

  • Played on: Dec. 6, 2023, 5:22 a.m.
  • Length: 25:41

All games in this series

Show
View Real Time Build Order
Export as new Build Order

sOs Protoss - Winner!

Build Orders: Oracle Opening, Phoenix Opening, Zealot Archon 

Get SALT Encoding   

  12  0:00  Probe  
  13  0:12  Probe  
  14  0:17  Pylon  
  14  0:24  Probe (Chrono Boost)  
  16  0:36  Probe (Chrono Boost)  
  16  0:37  Gateway  
  16  0:43  Probe (Chrono Boost)  
  16  0:46  Assimilator  
  17  0:51  Probe  
  18  0:57  Assimilator  
  18  1:03  Probe (Chrono Boost)  
  19  1:08  Gateway  
  19  1:13  Probe (Chrono Boost)  
  20  1:18  Probe  
  20  1:25  Cybernetics Core  
  21  1:30  Probe  
  22  1:38  Pylon  
  22  1:43  Probe  
  23  1:56  Probe  
  18  2:01  Warp Gate, Stalker  
  28  2:10  Sentry  
  28  2:12  Pylon  
  28  2:17  Probe  
  28  2:21  Pylon  
  29  2:34  Stargate  
  29  2:40  Phoenix  
  29  2:43  Stalker  
  31  2:56  Nexus  
  31  3:03  Shield Battery  
  32  3:17  Oracle (Chrono Boost)  
  33  3:22  Probe  
  37  3:35  Probe  
  36  3:41  Twilight Council  
  36  3:47  Probe  
  37  3:59  Probe (Chrono Boost)  
  37  4:02  Gateway  
  38  4:08  Probe (Chrono Boost)  
  39  4:11  Probe (Chrono Boost)  
  39  4:15  Blink (Chrono Boost)  
  41  4:17  Probe (Chrono Boost)  
  41  4:18  Probe (Chrono Boost)  
  41  4:22  Probe (Chrono Boost)  
  42  4:25  Probe  
  42  4:28  Stalker x2  
  48  4:38  Probe x2  
  50  4:40  Pylon  
  50  4:51  Nexus  
  50  4:56  Probe x2  
  52  5:02  Stalker x2  
  52  5:06  Stalker  
  58  5:10  Shield Battery  
  58  5:15  Probe x2  
  58  5:19  Assimilator  
  60  5:24  Pylon  
  60  5:27  Forge  
  60  5:29  Probe (Chrono Boost)  
  62  5:35  Probe (Chrono Boost)  
  62  5:41  Probe (Chrono Boost)  
  64  5:43  Probe (Chrono Boost)  
  64  5:45  Stalker x3  
  70  5:55  Pylon  
  70  5:57  Protoss Ground Weapons Level 1 (Chrono Boost)  
  70  6:02  Charge  
  70  6:03  Probe x2  
  72  6:05  Probe  
  73  6:15  Probe x2  
  69  6:26  Stalker x3  
  69  6:28  Probe  
  69  6:29  Probe x2  
  69  6:32  Gateway  
  76  6:34  Gateway x2  
  76  6:40  Gateway  
  76  6:42  Gateway  
  76  6:44  Templar Archives  
  76  6:46  Probe x3  
  79  6:58  Probe  
  79  6:59  Pylon  
  80  7:04  Zealot  
  80  7:05  Zealot x2  
  80  7:07  Pylon  
  86  7:22  Nexus  
  86  7:25  Robotics Facility  
  86  7:26  High Templar x2  
  86  7:27  Zealot x2  
  94  7:31  Archon, Probe  
  94  7:33  Pylon  
  94  7:35  Zealot x3  
  100  7:40  Pylon  
  100  7:41  Pylon  
  100  7:44  Pylon  
  98  7:49  Probe  
  95  7:56  Stalker x4  
  103  8:01  Zealot x4  
  112  8:07  Nexus  
  112  8:10  Pylon  
  111  8:17  Immortal (Chrono Boost)  
  113  8:26  Stalker x3  
  113  8:27  Stalker  
  119  8:30  Probe  
  119  8:33  Pylon  
  117  8:45  Probe  
  112  8:50  Stalker x3  
  105  8:55  Stalker x2  
  105  8:56  Stalker x2  
  105  8:59  Warp Prism (Chrono Boost)  
  114  9:07  Protoss Ground Weapons Level 2 (Chrono Boost), Probe  
  112  9:12  Zealot x3  
  118  9:17  Nexus  
  118  9:19  Zealot x4  
  118  9:20  Pylon  
  118  9:22  Pylon  
  126  9:27  Observer (Chrono Boost)  
  126  9:31  Pylon  
  127  9:32  Zealot x3  
  129  9:50  High Templar  
  129  9:51  High Templar, Zealot x3  
  137  9:57  Zealot  
  137  9:58  Zealot x2, Archon  
  141  10:07  Immortal (Chrono Boost)  
  133  10:13  Zealot x3  
  135  10:21  Stalker x3  
  129  10:23  Probe x2  
  131  10:29  Zealot x2  
  125  10:37  Zealot x3  
  125  10:41  Immortal (Chrono Boost)  
  132  10:44  Probe  
  132  10:45  Probe  
  132  10:48  Probe x2  
  132  10:49  Assimilator  
  126  10:50  Zealot x5, Assimilator  
  130  10:58  Zealot, Stalker x2  
  134  11:09  Probe  
  134  11:11  Probe  
  126  11:13  Photon Cannon  
  126  11:15  Observer (Chrono Boost)  
  126  11:17  Shield Battery  
  123  11:22  Stalker x5  
  123  11:25  Probe x4  
  137  11:27  Zealot  
  137  11:29  Immortal (Chrono Boost)  
  136  11:50  Stalker x3  
  136  11:52  Stalker x2  
  136  11:53  Zealot x3  
  150  11:57  Photon Cannon  
  150  11:58  Gateway  
  150  12:00  Gateway  
  148  12:08  Observer (Chrono Boost)  
  144  12:18  Nexus, Zealot x8  
  160  12:26  Probe  
  161  12:30  Pylon  
  161  12:33  Pylon  
  161  12:36  Pylon  
  159  12:38  Pylon  
  159  12:39  Pylon  
  157  12:51  Warp Prism  
  157  12:56  Photon Cannon  
  157  12:58  Shield Battery  
  159  13:00  Stalker x4  
  159  13:01  Stalker  
  159  13:02  Probe  
  159  13:03  Zealot x5  
  180  13:09  Phoenix (Chrono Boost)  
  178  13:14  Photon Cannon  
  178  13:15  Photon Cannon  
  178  13:17  Shield Battery  
  178  13:24  High Templar x4  
  186  13:28  Observer  
  186  13:33  Archon  
  186  13:34  Archon  
  183  13:45  Zealot x6  
  195  13:59  Zealot  
  195  14:01  Observer  
  195  14:02  Photon Cannon  
  193  14:09  Observer (Chrono Boost)  
  186  14:11  Photon Cannon, Shield Battery  
  184  14:22  Observer  
  175  14:26  Observer (Chrono Boost)  
  175  14:29  Photon Cannon x2  
  167  14:32  Zealot x2, Photon Cannon  
  167  14:34  Observer  
  170  14:38  Photon Cannon  
  170  14:39  Photon Cannon  
  170  14:41  Photon Cannon  
  159  15:03  Pylon  
  154  15:30  Pylon  
  154  15:33  Observer  
  131  16:02  Photon Cannon  
  131  16:05  Gateway  
  131  16:06  Pylon  
  131  16:07  Pylon  
  131  16:24  Observer  
  131  16:27  Pylon  
  131  16:36  Photon Cannon  
  131  16:38  Photon Cannon  
  129  16:47  Pylon  
  125  16:54  Photon Cannon  
  119  17:05  Pylon  
  119  17:07  Observer, Pylon  
  117  17:09  Pylon  
  117  17:11  Pylon  
  117  17:12  Pylon, Probe x3  
  117  17:15  Pylon  
  104  17:17  Pylon  
  100  17:23  Gateway  
  100  17:24  Probe (Chrono Boost)  
  100  17:25  Gateway x2  
  100  17:26  Gateway, Zealot  
  100  17:29  Protoss Ground Armor Level 1 (Chrono Boost)  
  102  17:30  Cybernetics Core  
  102  17:31  Probe (Chrono Boost)  
  103  17:42  Probe (Chrono Boost)  
  103  17:43  Nexus  
  104  17:44  Photon Cannon  
  100  18:04  Probe  
  101  18:07  Zealot  
  101  18:09  Photon Cannon  
  101  18:21  Twilight Council  
  101  18:28  Stalker x5  
  111  18:36  Probe  
  102  18:59  Probe  
  102  19:00  Shield Battery  
  102  19:01  Pylon  
  103  19:05  Dark Shrine, Stalker x2  
  103  19:06  Stalker x3  
  103  19:08  Probe  
  114  19:16  Pylon  
  114  19:18  Photon Cannon  
  114  19:19  Probe  
  114  19:21  Shield Battery  
  113  19:31  Probe, Stalker x5  
  119  19:52  Probe  
  118  19:56  Stalker x4  
  126  20:01  Photon Cannon  
  126  20:03  Shield Battery  
  127  20:07  Probe  
  127  20:10  Shield Battery  
  127  20:18  Gateway  
  127  20:20  Dark Templar x3, Gateway  
  133  20:24  Dark Templar, Gateway  
  133  20:26  Stalker  
  137  20:34  Robotics Facility  
  135  20:55  Stalker  
  135  20:56  Stalker x4  
  127  21:16  Stalker  
  127  21:17  Stalker  
  131  21:19  Probe  
  131  21:25  Zealot x3  
  128  21:43  Zealot x5  
  122  22:07  Stalker x3  
  122  22:08  Zealot x5  
  108  22:21  Observer  
  105  22:31  Stalker x6  
  105  22:32  Dark Templar  
  106  23:01  Observer, Stalker  
  106  23:02  Stalker x6  
  118  23:30  Observer  
  118  23:34  Stalker x7  
  110  24:48  Pylon  
  110  24:50  Gateway  
  110  24:58  Observer  
Show
View Real Time Build Order
Export as new Build Order

Firefly Protoss 

Build Orders: Phoenix Opening 

Get SALT Encoding   

  12  0:00  Probe  
  13  0:12  Probe  
  14  0:17  Pylon  
  14  0:24  Probe  
  15  0:35  Gateway  
  15  0:36  Probe (Chrono Boost)  
  16  0:46  Assimilator, Probe (Chrono Boost)  
  17  0:51  Probe (Chrono Boost)  
  18  0:58  Assimilator  
  18  1:03  Probe  
  19  1:09  Gateway  
  19  1:15  Probe (Chrono Boost)  
  20  1:24  Cybernetics Core  
  21  1:26  Probe (Chrono Boost)  
  21  1:31  Probe  
  21  1:37  Pylon  
  22  1:44  Probe  
  23  1:57  Probe  
  23  2:01  Stalker x2  
  26  2:03  Warp Gate (Chrono Boost)  
  28  2:12  Pylon  
  28  2:26  Pylon  
  28  2:27  Probe  
  29  2:31  Sentry  
  31  2:37  Sentry  
  33  2:50  Nexus  
  33  2:53  Probe  
  34  2:59  Shield Battery  
  34  3:02  Phoenix  
  34  3:03  Sentry  
  36  3:11  Probe  
  37  3:22  Pylon  
  37  3:23  Probe  
  37  3:26  Twilight Council  
  38  3:35  Probe (Chrono Boost)  
  39  3:44  Stalker x2  
  39  3:47  Probe (Chrono Boost)  
  44  3:54  Probe (Chrono Boost)  
  44  3:55  Phoenix  
  45  4:06  Probe  
  45  4:08  Stalker x2  
  50  4:11  Probe  
  51  4:18  Probe (Chrono Boost)  
  51  4:22  Blink (Chrono Boost)  
  51  4:23  Probe (Chrono Boost)  
  53  4:31  Probe (Chrono Boost)  
  54  4:34  Probe (Chrono Boost)  
  54  4:36  Probe (Chrono Boost)  
  56  4:39  Probe (Chrono Boost), Phoenix  
  56  4:44  Gateway, Probe  
  58  4:52  Pylon  
  59  4:54  Stalker x2  
  62  5:06  Nexus  
  62  5:09  Pylon  
  62  5:17  Shield Battery  
  62  5:19  Stalker  
  62  5:20  Probe, Stalker  
  67  5:21  Probe  
  67  5:24  Phoenix  
  68  5:33  Assimilator, Probe x2  
  70  5:36  Pylon  
  70  5:42  Stalker x3  
  74  5:48  Robotics Facility  
  76  5:51  Probe x2  
  76  5:55  Forge  
  78  6:03  Probe  
  79  6:05  Probe  
  80  6:15  Probe  
  80  6:17  Probe  
  76  6:26  Stalker  
  76  6:29  Probe x2 (Chrono Boost)  
  76  6:30  Protoss Ground Weapons Level 1  
  76  6:31  Probe (Chrono Boost)  
  81  6:38  Observer, Probe x2 (Chrono Boost)  
  81  6:39  Stalker x2, Probe (Chrono Boost)  
  89  6:42  Shield Battery  
  89  6:43  Probe x2 (Chrono Boost)  
  89  6:45  Probe  
  89  6:46  Photon Cannon  
  91  6:51  Gateway  
  91  6:53  Gateway  
  92  6:55  Probe x2  
  94  7:01  Gateway  
  94  7:02  Probe  
  94  7:05  Warp Prism  
  94  7:07  Probe  
  96  7:19  Stalker x2  
  100  7:27  Gateway  
  100  7:29  Gateway  
  100  7:33  Pylon  
  100  7:36  Pylon  
  100  7:46  Nexus  
  90  7:59  Stalker x6  
  90  8:01  Probe x2  
  90  8:02  Probe  
  90  8:03  Assimilator x2  
  105  8:08  Warp Prism  
  105  8:13  Probe  
  106  8:24  Stalker x5  
  110  8:35  Protoss Ground Weapons Level 2 (Chrono Boost)  
  110  8:40  Probe  
  103  8:42  Stalker x3  
  103  8:47  Probe  
  103  8:48  Probe  
  103  8:51  Gateway  
  101  8:57  Probe  
  101  8:58  Pylon, Probe  
  101  9:00  Probe x2  
  103  9:05  Stalker x3  
  107  9:13  Probe x3  
  107  9:14  Probe  
  107  9:16  Shield Battery  
  111  9:21  Assimilator  
  111  9:29  Assimilator  
  111  9:32  Pylon  
  111  9:33  Photon Cannon  
  111  9:35  Stalker  
  111  9:36  Stalker  
  116  9:38  Observer (Chrono Boost)  
  112  9:45  Stalker x2  
  112  9:46  Stalker x3  
  112  9:49  Stalker  
  122  9:57  Stalker  
  122  9:58  Stalker  
  124  10:04  Stalker  
  122  10:13  Stalker x2  
  122  10:14  Stalker x2  
  124  10:18  Zealot x2  
  124  10:21  Stalker  
  126  10:32  Stalker x2  
  126  10:33  Charge  
  126  10:37  Stalker x3  
  126  10:38  Stalker  
  126  10:40  Stalker x2  
  134  10:50  Stalker  
  136  10:57  Nexus  
  136  10:58  Stalker x2  
  136  11:01  Warp Prism  
  132  11:12  Stalker x4  
  132  11:13  Stalker x2  
  132  11:14  Zealot  
  146  11:20  Probe x2  
  146  11:24  Pylon  
  148  11:27  Pylon x2  
  148  11:30  Protoss Ground Weapons Level 3 (Chrono Boost)  
  148  11:37  Pylon  
  148  11:42  Probe x3  
  148  11:43  Dark Shrine  
  143  11:48  Photon Cannon  
  143  11:51  Stalker x5  
  149  11:55  Zealot x4  
  149  12:16  Zealot x9  
  153  12:38  Stalker x3  
  153  12:39  Stalker  
  153  12:42  Photon Cannon  
  153  12:43  Zealot x5  
  171  12:46  Zealot x5, Pylon  
  171  12:49  Probe  
  171  12:50  Probe x4  
  176  13:02  Robotics Facility, Robotics Bay, Probe x2  
  178  13:12  Stalker x2  
  170  13:13  Stalker x4  
  170  13:16  Probe x4  
  170  13:19  Shield Battery, Probe  
  185  13:20  Observer  
  185  13:28  Probe x2  
  185  13:32  Probe x2  
  184  13:36  Observer  
  184  13:38  Dark Templar x3  
  189  13:44  Probe x4  
  187  13:55  Zealot x4  
  187  13:56  Zealot  
  187  13:59  Nexus  
  168  14:05  Photon Cannon  
  168  14:08  Photon Cannon  
  151  14:21  Dark Templar x3  
  151  14:23  Dark Templar  
  138  14:31  Dark Templar x3  
  138  14:37  Gateway  
  139  14:40  Gateway  
  139  14:43  Gateway  
  139  14:45  Gateway  
  139  14:49  Photon Cannon  
  132  14:59  Pylon  
  131  15:00  Pylon  
  107  15:29  Observer  
  92  16:04  Disruptor (Chrono Boost)  
  96  16:14  Robotics Facility, Gateway  
  96  16:15  Nexus x2, Dark Shrine  
  96  16:16  Pylon  
  96  16:25  Stalker x3  
  98  16:28  Photon Cannon  
  102  16:34  Probe  
  103  16:40  Photon Cannon  
  103  16:42  Shield Battery  
  103  16:43  Observer (Chrono Boost)  
  103  16:46  Probe  
  103  16:58  Probe  
  103  17:01  Stalker x2  
  104  17:10  Probe  
  104  17:13  Stalker x2  
  103  17:22  Probe  
  102  17:25  Observer  
  102  17:27  Probe  
  102  17:28  Probe  
  105  17:34  Probe  
  105  17:36  Pylon  
  106  17:40  Probe x2  
  106  17:46  Probe  
  100  17:58  Dark Templar x2  
  100  18:02  Probe x3 (Chrono Boost)  
  100  18:03  Assimilator  
  100  18:05  Assimilator  
  105  18:07  Assimilator x2  
  105  18:08  Probe (Chrono Boost)  
  105  18:10  Assimilator x2  
  105  18:12  Probe x2 (Chrono Boost)  
  108  18:16  Probe x2 (Chrono Boost)  
  108  18:17  Probe (Chrono Boost)  
  108  18:18  Pylon  
  108  18:19  Probe  
  111  18:26  Probe  
  113  18:27  Zealot x3  
  113  18:30  Probe  
  120  18:39  Probe x2  
  111  18:54  Pylon  
  105  18:56  Stalker x5  
  105  18:59  Probe x2  
  105  19:00  Probe  
  105  19:01  Photon Cannon  
  118  19:03  Shield Battery, Probe  
  119  19:11  Shadow Stride (Chrono Boost), Probe  
  120  19:23  Stalker x3  
  126  19:27  Gateway  
  126  19:28  Gateway  
  126  19:31  Gateway  
  126  19:33  Protoss Shields Level 1 (Chrono Boost)  
  126  19:34  Gateway  
  120  19:43  Gateway  
  120  19:53  Observer, Disruptor (Chrono Boost)  
  120  19:58  Zealot x5  
  135  20:02  Photon Cannon  
  135  20:04  Shield Battery  
  135  20:12  Pylon  
  135  20:14  Pylon  
  135  20:20  Nexus, Gravitic Boosters  
  136  20:22  Pylon  
  136  20:24  Observer (Chrono Boost)  
  136  20:25  Disruptor (Chrono Boost)  
  137  20:50  Stalker x2  
  137  20:55  Photon Cannon  
  139  20:59  Observer  
  139  21:03  Stalker x4  
  146  21:07  Stalker x3  
  135  21:13  Dark Templar  
  135  21:39  Protoss Ground Armor Level 1 (Chrono Boost)  
  119  21:52  Stalker x5  
  129  21:57  Photon Cannon  
  105  22:20  Dark Templar  
  106  22:25  Zealot x2, Stalker x3  
  116  22:43  Observer  
  104  22:53  Stalker x5  
  112  23:08  Nexus  
  112  23:09  Probe x2  
  93  23:43  Dark Templar x2  
  90  24:18  Nexus  

Tags
 
Add a new tag
Caveats
  • Supply blocks, unpowered buildings, or Contaminate may cause inaccurate times.
  • Supply counts are checked every 10 seconds.